 Dungeon Crawl Stone Soup version 0.20-a0-256-gabb291d (webtiles) character file.

266 roflturtle the Gusty (level 6, -8/32 HPs)
             Began as a Tengu Air Elementalist on Dec 1, 2016.
             Mangled by an iguana (15 damage)
             ... on level 4 of the Dungeon.
             The game lasted 00:14:56 (3375 turns).

roflturtle the Gusty (Tengu Air Elementalist)       Turns: 3375, Time: 00:14:57

Health: -8/32      AC:  2    Str:  8    XL:     6   Next: 20%
Magic:  6/11       EV: 13    Int: 17    God:
Gold:   160        SH:  0    Dex: 15    Spells: 6/11 levels left

rFire  . . .     SeeInvis .     e - +0 dagger
rCold  . . .     Gourm    .     a - +0 robe
rNeg   . . .     Faith    .     (no shield)
rPois  .         Spirit   .     (helmet restricted)
rElec  .         Reflect  .     (no cloak)
rCorr  .         Harm     .     (no gloves)
MR     .....                    (boots unavailable)
Stlth  ++........               (no amulet)
                                (no ring)
                                (no ring)

@: no status effects
A: beak, talons 3, able to fly 1
a: Fly


You were on level 4 of the Dungeon.
You were not hungry.

You visited 1 branch of the dungeon, and saw 4 of its levels.

You collected 160 gold pieces.

Inventory:

Hand Weapons
 e - a +0 dagger (weapon)
 g - a +3 hunting sling
Armour
 a - a +0 robe (worn)
 p - a +2 pair of gloves
Jewellery
 u - a cursed -3 ring of evasion {unknown}
 x - a +4 amulet of reflection {unknown}
 F - an uncursed amulet of harm {unknown}
Wands
 y - a wand of iceblast (7/15)
 A - a wand of random effects (25/48)
Scrolls
 h - 5 scrolls of identify {unknown}
 i - 4 scrolls of teleportation
 j - 2 scrolls of enchant armour {unknown}
 l - 2 scrolls of noise {unknown}
 n - 2 scrolls of enchant weapon {unknown}
 o - 2 scrolls of amnesia
 s - a scroll of random uselessness {unknown}
 v - 2 scrolls of remove curse {unknown}
 B - 2 scrolls of immolation {unknown}
 C - a scroll of fear {unknown}
Potions
 d - a potion of resistance {unknown}
 f - a potion of lignification {unknown}
 k - 4 potions of curing {unknown}
 m - 2 potions of brilliance {unknown}
 q - 2 potions of flight {unknown}
 t - a potion of might {unknown}
 w - a potion of cure mutation {unknown}
 z - 3 potions of haste {unknown}
Books
 b - a book of Air

   Spells                             Type                      Level
   a - Shock                          Conjuration/Air              1
   b - Swiftness                      Charms/Air                   2
   c - Repel Missiles                 Charms/Air                   2
   d - Static Discharge               Conjuration/Air              3
   e - Lightning Bolt                 Conjuration/Air              5
Comestibles
 c - 3 bread rations
 r - 2 fruits
 D - 6 chunks of flesh
 E - a royal jelly


   Skills:
 - Level 2.1 Dodging
 - Level 2.0 Stealth
 - Level 3.0 Spellcasting
 + Level 4.0 Conjurations
 - Level 7.1 Air Magic


You had 6 spell levels left.
You knew the following spells:

 Your Spells              Type           Power        Failure   Level  Hunger
a - Shock                 Conj/Air       ###.         1%          1    None
b - Repel Missiles        Chrm/Air       ##....       10%         2    ##.....
c - Swiftness             Chrm/Air       ##......     10%         2    ##.....


Dungeon Overview and Level Annotations

Branches:
Dungeon (4/15)
 Temple: D:4-7

Altars:
Kikubaaqudgha
Uskayaw
Xom

Annotations:
D:3 friendlybee's ghost, amateur DsMo


Innate Abilities, Weirdness & Mutations

You have a beak for a mouth.
You have claws for feet.
You can fly.


Message History

The zap misses the iguana.
The iguana bites you!
* * * LOW HITPOINT WARNING * * *
Casting: Shock
Confirm with . or Enter, or press ? or * to list all spells.
Aiming: Shock
Press: ? - help, Shift-Dir - straight line, f - iguana
Aim: an iguana (severely wounded)
The zap hits the iguana.
The iguana is almost dead.
The iguana bites you but does no damage.
Some of the chunks of flesh in your inventory have rotted away.
Casting: Shock
Confirm with . or Enter, or press ? or * to list all spells.
Aiming: Shock
Press: ? - help, Shift-Dir - straight line, f/p - iguana
Aim: an iguana (almost dead)
The zap misses the iguana.
The zap hits the worker ant zombie.
The worker ant zombie is lightly damaged.
The iguana bites you!
You die...

...........##..
...........# ..##
..........## ..#
.........### ..##
#..........####..###
#......##..........####
##....#######..........
#..### ##.....## ####
##.@..# #.l..# #...##
##Z.# #รท.# ....<....#
..........#
...........#
.............


You could see an iguana and a worker ant zombie.

Vanquished Creatures
  A howler monkey (D:4)
  A hound (D:4)
  A bullfrog skeleton (D:4)
  An iguana (D:4)
  Terence (D:3)
  2 adders (D:4)
  2 oozes (D:1)
  6 worms
  3 dart slugs
  A leopard gecko (D:3)
  4 orcs
  4 giant cockroaches
  4 goblins
  7 hobgoblins
  4 jackals (D:4)
  3 quokkas (D:3)
  2 ball pythons
  4 bats
  3 frilled lizards
  10 kobolds
  4 rats (D:1)
  2 butterflies (D:3)
70 creatures vanquished.

Notes
Turn   | Place    | Note
-------+----------+-------------------------------------------
     0 | D:1      | roflturtle the Tengu Air Elementalist began the quest for the Orb.
     0 | D:1      | Reached XP level 1. HP: 10/10 MP: 4/4
   238 | D:1      | Reached XP level 2. HP: 15/15 MP: 4/6
   496 | D:1      | Reached XP level 3. HP: 19/19 MP: 3/7
   500 | D:1      | Learned a level 2 spell: Repel Missiles
   503 | D:1      | Learned a level 2 spell: Swiftness
   895 | D:2      | Found an ancient bone altar of Kikubaaqudgha.
  1009 | D:2      | Noticed a dagger
  1009 | D:2      | Noticed a hand axe
  1010 | D:2      | Found a hide-covered altar of Uskayaw.
  1369 | D:2      | Reached XP level 4. HP: 24/24 MP: 5/9
  1884 | D:3      | Noticed friendlybee's ghost (amateur DsMo)
  1939 | D:3      | Noticed Terence
  1949 | D:3      | Killed Terence
  2208 | D:3      | Found a shimmering altar of Xom.
  2425 | D:3      | Reached skill level 5 in Air Magic
  2771 | D:4      | Gained mutation: You can fly. [Tengu growth]
  2771 | D:4      | Reached XP level 5. HP: 23/28 MP: 3/10
  2887 | D:4      | Reached skill level 6 in Air Magic
  3010 | D:4      | Reached XP level 6. HP: 32/32 MP: 3/11
  3158 | D:4      | Reached skill level 7 in Air Magic
  3375 | D:4      | Mangled by an iguana

Vault maps used:
D:1:      minmay_arrival_solitary_statue
D:2:      dancing_weapons_uskayaw, lemuel_doored_altar, minmay_misc_feat_doors
D:3:      xom_butterflies, uniq_terence

Skill      XL: |  1  2  3  4  5  6 |
---------------+-------------------+-----
Conjurations   | 2 3 4 |  4.0
Spellcasting   | 3 |  3.0
Air Magic      | 5 6 7 |  7.1
Dodging        | |  2.1
Stealth        | |  2.0

Action                   |  1- 3 |  4- 6 || total
-------------------------+-------+-------++-------
Melee: Dagger            |    18 |    10 ||    28
       Kick              |     3 |     1 ||     4
       Peck              |     2 |     4 ||     6
 Cast: Shock             |    73 |    92 ||   165
  Use: Scroll            |       |     2 ||     2
  Eat: Chunk             |     1 |     8 ||     9
Armor: Robe              |     3 |     5 ||     8
Dodge: Dodged            |    19 |    17 ||    36
